 Dungeon Crawl Stone Soup version 0.21-a0-348-ga060c75 (webtiles) character file.

1233 vishdafish the Poker (level 8, -1/60 HPs)
             Began as a Demonspawn Skald on Oct 6, 2017.
             Was a Believer of Kikubaaqudgha.
             Slain by a bullfrog (8 damage)
             ... on level 6 of the Dungeon.
             The game lasted 00:16:01 (7702 turns).

vishdafish the Poker (Demonspawn Skald)             Turns: 7702, Time: 00:16:02

Health: -1/60      AC:  3    Str: 12    XL:     8   Next: 24%
Magic:  13/14      EV: 13    Int: 16    God:    Kikubaaqudgha [**....]
Gold:   358        SH:  0    Dex: 13    Spells: 12/15 levels left

rFire    . . .     SeeInvis .   a - +0 spear
rCold    + + .     Gourm    .   (no shield)
rNeg     . . .     Faith    .   b - +0 leather armour
rPois    .         Spirit   .   (no helmet)
rElec    .         Reflect  .   (no cloak)
rCorr    .         Harm     .   (no gloves)
MR       .....                  (no boots)
Stlth    +.........             (no amulet)
HPRegen  0.20/turn              p - ring of protection from cold
MPRegen  0.14/turn              n - ring of protection from cold

@: infused, hasted, very quick
A: claws 2, demonic guardian 2
a: Receive Corpses, Renounce Religion


You were on level 6 of the Dungeon.
You worshipped Kikubaaqudgha.
Kikubaaqudgha was pleased with you.
You were near starving.

You visited 1 branch of the dungeon, and saw 7 of its levels.

You collected 358 gold pieces.

Inventory:

Hand Weapons
 a - a +0 spear (weapon)
Armour
 b - a +0 leather armour (worn)
 f - +0 fire dragon scales
 q - a +2 shield
 D - a +0 buckler
 G - a +0 robe of magic resistance
Jewellery
 n - a ring of protection from cold (right claw)
 p - a ring of protection from cold (left claw)
Wands
 I - a wand of polymorph (18/24)
Scrolls
 g - a scroll of remove curse
 h - a scroll of immolation {unknown}
 i - a scroll of random uselessness {unknown}
 j - 4 scrolls of teleportation {unknown}
 r - a scroll of noise {unknown}
 t - 2 scrolls of fog {unknown}
 w - 2 scrolls of recharging {unknown}
 x - 2 scrolls of blinking {unknown}
 y - a scroll of magic mapping {unknown}
 B - 4 scrolls of identify {unknown}
 E - 2 scrolls of enchant weapon {unknown}
 J - a scroll of fear {unknown}
Potions
 d - a potion of lignification {unknown}
 e - a potion of might {unknown}
 m - a potion of invisibility {unknown}
 o - a potion of agility {unknown}
 s - a potion of magic {unknown}
 z - 4 potions of curing {unknown}
 C - a potion of brilliance {unknown}
 F - a potion of flight {unknown}
 H - a potion of mutation {unknown}
Books
 c - a book of Battle

   Spells                             Type                      Level
   a - Infusion                       Charms                       1
   b - Shroud of Golubria             Charms/Translocation         2
   c - Song of Slaying                Charms                       2
   d - Spectral Weapon                Hexes/Charms                 3
   e - Regeneration                   Charms/Necromancy            3
 v - Kikubaaqudgha's Volume of Necromancy
   (Kikubaaqudgha gifted it to you on level 3 of the Dungeon)

   Spells                             Type                      Level
   a - Animate Skeleton               Necromancy                   1
   b - Corpse Rot                     Necromancy                   2
   c - Sublimation of Blood           Necromancy                   2
   d - Vampiric Draining              Necromancy                   3
   e - Control Undead                 Necromancy                   4
Comestibles
 l - 3 meat rations
 A - 2 royal jellies


   Skills:
 - Level 4.0 Fighting
 * Level 4.9 Polearms
 - Level 1.1 Armour
 - Level 4.0 Dodging
 + Level 1.4 Shields
 - Level 4.1 Spellcasting
 - Level 4.0 Charms
 * Level 3.2 Necromancy


You had 12 spell levels left.
You knew the following spells:

 Your Spells              Type           Power        Failure   Level  Hunger
a - Infusion              Chrm           ###.         4%          1    None
b - Song of Slaying       Chrm           ###.....     6%          2    ##.....


Dungeon Overview and Level Annotations

Branches:
Dungeon (7/15)             Temple (0/1) D:5

Altars:
Elyvilon
Fedhas
Kikubaaqudgha
Nemelex Xobeh
Uskayaw


Innate Abilities, Weirdness & Mutations

You have very sharp fingernails.
A demonic guardian rushes to your aid.


Message History

You closely miss the bullfrog.
The bullfrog is severely wounded.
The bullfrog barely misses you.
The bullfrog hits you but does no damage.
You barely miss the bullfrog.
The bullfrog is severely wounded.
The bullfrog hits you.
* * * LOW HITPOINT WARNING * * *
You miss the bullfrog.
The bullfrog is severely wounded.
The bullfrog hits you!
* * * LOW HITPOINT WARNING * * *
The bullfrog closely misses you.
Evoke which item? (* to show all) (? for menu, Esc to quit)
Okay, then.
You feel yourself speed up. The bullfrog hits you.
* * * LOW HITPOINT WARNING * * *
The bullfrog hits you!
You die...
Kikubaaqudgha rasps: "You have failed me!
Welcome... death!"

## #. #. ####. ###############
#.... #.............# #.###
#.#########.### #.#
############.#.......#.# ##.###
...........#....@..#+#.# #.....
##########.####F##.....#####..###
<........#.# #>..................
##.#####.#.# #..##.....#####...##
#.......#.# #.[[#.....# #...#
#.#######.# #.#.#.....# #...##
#.# #.# #.#.##....#####....# #.#
#.# #.#.##...........#.# #.#
####.###.#.##...######.##..


You could see a bullfrog.

Vanquished Creatures
  2 bullfrogs (D:6)
  3 crimson imps (D:5)
  3 hounds
  A jelly (D:5)
  3 orc priests
  An iguana (D:6)
  3 orc wizards
  2 worker ants
  Natasha (twice) (D:2 D:4)
  A hound skeleton (D:6)
  4 adders
  2 shadow imps (D:6)
  4 worms
  2 leopard geckos
  11 orcs
  5 giant cockroaches
  9 goblins
  9 hobgoblins
  9 jackals
  3 quokkas
  4 ball pythons
  4 bats
  4 frilled lizards
  7 kobolds
  A quokka zombie (D:5)
  8 rats
107 creatures vanquished.

Vanquished Creatures (collateral kills)
  The ghost of Yermak the Charmwright, an amateur GnWn of Cheibriados (D:4)
  Edmund (D:4)
  2 orc warriors
  A sky beast (D:6)
  A centaur (D:5)
  A scorpion (D:5)
  A hound (D:6)
  An orc wizard (D:6)
  Natasha (D:4)
  A worker ant (D:6)
  4 orcs
  2 jackals (D:5)
17 creatures vanquished.

Grand Total: 124 creatures vanquished

Notes
Turn   | Place    | Note
-------+----------+-------------------------------------------
     0 | D:1      | vishdafish the Demonspawn Skald began the quest for the Orb.
     0 | D:1      | Reached XP level 1. HP: 16/16 MP: 3/3
    29 | D:1      | Reached skill level 1 in Armour
   214 | D:1      | Gained mutation: You have sharp fingernails. [demonic ancestry]
   214 | D:1      | Reached XP level 2. HP: 22/22 MP: 1/5
  1141 | D:1      | Reached XP level 3. HP: 27/27 MP: 1/6
  1485 | D:2      | Noticed Natasha
  1493 | D:2      | Killed Natasha
  1493 | D:2      | Reached XP level 4. HP: 25/33 MP: 2/7
  1591 | D:2      | Found an ancient bone altar of Kikubaaqudgha.
  1594 | D:2      | Found a sparkling altar of Nemelex Xobeh.
  1594 | D:2      | Found a hide-covered altar of Uskayaw.
  1597 | D:2      | Found a blossoming altar of Fedhas.
  1626 | D:2      | Became a worshipper of Kikubaaqudgha
  1902 | D:3      | Noticed an orc warrior
  2312 | D:3      | Gained mutation: A weak demonic guardian rushes to your aid. [demonic ancestry]
  2312 | D:3      | Reached XP level 5. HP: 20/39 MP: 1/9
  2565 | D:3      | Reached * piety under Kikubaaqudgha
  2565 | D:3      | Identified Kikubaaqudgha's Volume of Necromancy (Kikubaaqudgha gifted it to you on level 3 of the Dungeon)
  2565 | D:3      | Received a gift from Kikubaaqudgha
  2935 | D:2      | Killed an orc warrior
  3321 | D:3      | Gained mutation: A demonic guardian rushes to your aid. [demonic ancestry]
  3321 | D:3      | Reached XP level 6. HP: 8/46 MP: 5/11
  3705 | D:4      | Noticed Yermak's ghost (amateur GnWn)
  3717 | D:4      | Killed Yermak's ghost
  3732 | D:4      | Noticed Natasha
  3741 | D:4      | Killed Natasha
  3944 | D:4      | Noticed Natasha
  3950 | D:4      | Killed Natasha
  4023 | D:4      | Noticed Edmund
  4037 | D:4      | Killed Edmund
  4522 | D:5      | Entered Level 5 of the Dungeon
  4713 | D:5      | Found a staircase to the Ecumenical Temple.
  4722 | D:5      | Reached XP level 7. HP: 52/52 MP: 7/13
  5415 | D:5      | Found a white marble altar of Elyvilon.
  5813 | D:6      | Reached skill level 1 in Necromancy
  6264 | D:6      | Learned a level 2 spell: Song of Slaying
  6415 | D:6      | Reached ** piety under Kikubaaqudgha
  6415 | D:6      | Gained mutation: You have very sharp fingernails. [demonic ancestry]
  6415 | D:6      | Reached XP level 8. HP: 56/60 MP: 7/14
  6591 | D:6      | Reached skill level 1 in Shields
  7702 | D:6      | Slain by a bullfrog

Vault maps used:
D:1:      lemuel_arrival_behind_the_door_small
D:2:      grunt_temple_overflow_open, roderic_cross_of_infinity, uniq_natasha
D:4:      uniq_edmund
D:5:      minmay_temple_entry_glass, first_bread, elyvilon_altar_3

Skill      XL: |  1  2  3  4  5  6  7  8 |
---------------+-------------------------+-----
Armour         | 1 |  1.1
Polearms       | 2 3 4 |  4.9
Dodging        | 2 3 4 |  4.0
Charms         | 3 4 |  4.0
Spellcasting   | 3 4 |  4.1
Fighting       | 3 4 |  4.0
Necromancy     | 2 3 |  3.2
Shields        | 1 |  1.4

Action                   |  1- 3 |  4- 6 |  7- 9 || total
-------------------------+-------+-------+-------++-------
Melee: Spear             |   112 |   252 |   271 ||   635
 Cast: Infusion          |    16 |    13 |    15 ||    44
  Use: Scroll            |     1 |       |       ||     1
       Potion            |       |     1 |     3 ||     4
 Stab: Sleeping          |     1 |     1 |       ||     2
       Distracted        |       |     2 |       ||     2
  Eat: Chunk             |     2 |     6 |     2 ||    10
       Bread ration      |       |     1 |     1 ||     2
       Fruit             |       |       |     2 ||     2
Armor: Leather armour    |    30 |    25 |    31 ||    86
Dodge: Dodged            |    43 |   126 |   128 ||   297

Table legend:
 A = Spawn XP
 B = Non-spawn XP
 C = Spawn XP percentage of total XP
 D = Spawn monster count
 E = Non-spawn monster count
 F = Spawn count percentage of total count
 G = Total turns spent on level
                    A         B        C        D         E        F      G
               +---------+---------+-------+---------+---------+-------+---------
         Total |       0 |    1762 |   0.0 |       0 |     124 |   0.0 |  7702
               +---------+---------+-------+---------+---------+-------+---------
           D:1 |       0 |      41 |   0.0 |       0 |      25 |   0.0 |  1173
           D:2 |       0 |     188 |   0.0 |       0 |      21 |   0.0 |  1276
           D:3 |       0 |     185 |   0.0 |       0 |      31 |   0.0 |  1248
           D:4 |       0 |     298 |   0.0 |       0 |       7 |   0.0 |   825
           D:5 |       0 |     416 |   0.0 |       0 |      22 |   0.0 |  1274
           D:6 |       0 |     634 |   0.0 |       0 |      18 |   0.0 |  1898
               +---------+---------+-------+---------+---------+-------+---------
